AoeStats
← AlmaFuerte1228

Arabia

508473931Analyzed
1v1 RM · 10d ago on Sep 22, 2026· 36m 42s· 2 players
Game mode
Random Map
Map size
Tiny (2 player)
Population
200
Speed
Normal
Resources
Standard
Victory
Conquest
Starting age
Dark Age
Ending age
Imperial Age
RankedLock teamsTeams togetherTeam positionsShared explorationLock speedFull tech treeHidden civsTurbo modeCheats
Victory
Defeat
🇺🇸 Saxons · United States
1192
+14
🇦🇷 Saxons · Argentina
1146
-14
thisisdavid
6:44 Loom
8:55 Feudal Age
9:38 Double-Bit Axe
12:24 Wheelbarrow
11:31 Horse Collar
16:46 Fletching
20:02 Castle Age
18:50 Padded Archer Armor
19:23 Gold Mining
20:27 Crossbowman
23:11 Bodkin Arrow
24:20 Forging
24:12 Scale Mail Armor
26:20 Gambesons
26:51 Elite Skirmisher
28:26 Leather Archer Armor
30:19 Heavy Plow
30:06 Town Watch
33:10 Stone Mining
36:26 Imperial Age
36:02 Ballistics
36:47 Gold Shaft Mining
AlmaFuerte1228
6:01 Loom
8:58 Feudal Age
7:14 Loom
9:25 Double-Bit Axe
9:08 Man-at-Arms
14:36 Horse Collar
17:58 Town Watch
20:25 Castle Age
18:47 Fletching
18:58 Padded Archer Armor
18:54 Gold Mining
21:05 Bodkin Arrow
21:55 Leather Archer Armor
22:19 Stone Mining
24:42 Crossbowman
28:00 Elite Skirmisher
29:22 Wheelbarrow
35:42 Forging
35:33 Scale Mail Armor
37:29 Iron Casting
Connection lost

Rejoining the realm…

Still unreachable

The connection could not be restored.

Session expired

The server has moved on; the page needs a fresh start.